 Dungeon Crawl Stone Soup version 0.28-a0-230-g086cc6695f (webtiles) character file.

Game seed: 5077756054121305218

403 Gargoyl the Skirmisher (level 6, -6/53 HPs)
             Began as a Gnoll Abyssal Knight on Aug 22, 2021.
             Was a Believer of Lugonu.
             Mangled by Duvessa (10 damage)
             ... on level 4 of the Dungeon.
             The game lasted 00:03:53 (3191 turns).

Gargoyl the Skirmisher (Gnoll Abyssal Knight)       Turns: 3191, Time: 00:03:53

Health: -6/53      AC: 14    Str: 19    XL:     6   Next: 86%
Magic:  9/9        EV:  8    Int: 11    God:    Lugonu [**....]
Gold:   94         SH:  5    Dex: 12    Spells: 9/9 levels left

rFire   . . .      SeeInvis .   a - +1 hand axe (venom)
rCold   . . .      Faith    .   (no shield)
rNeg    . . .      Spirit   .   e - +0 chain mail
rPois   .          Reflect  +   (no helmet)
rElec   .          Harm     .   (no cloak)
rCorr   .          Rampage  .   m - +2 pair of gloves
Will    .....                   b - +0 pair of boots
Stlth   ..........              c - amulet of reflection
HPRegen 0.17/turn               d - +6 ring of strength
MPRegen 0.11/turn               (no ring)

@: no status effects
A: fangs 1, strong nose, distributed training
a: Renounce Religion, Depart the Abyss, Bend Space


You were on level 4 of the Dungeon.
You worshipped Lugonu.
Lugonu was pleased with you.
You visited 1 branch of the dungeon, and saw 4 of its levels.
You visited the Abyss 1 time.

You collected 94 gold pieces.

Inventory:

Hand Weapons
 a - a +1 hand axe of venom (weapon)
Armour
 b - a +0 pair of boots (worn)
 e - a +0 chain mail (worn)
 m - a +2 pair of gloves (worn)
Jewellery
 c - an amulet of reflection (around neck)
 d - a +6 ring of strength (left hand)
Scrolls
 i - a scroll of blinking
Potions
 f - a potion of curing
 k - 2 potions of ambrosia


   Skills:
 + Level 6.9 Fighting
 + Level 2.1 Short Blades
 + Level 2.1 Long Blades
 + Level 5.0 Axes
 + Level 2.1 Maces & Flails
 + Level 2.1 Polearms
 + Level 2.1 Staves
 + Level 2.1 Slings
 + Level 2.1 Bows
 + Level 2.1 Crossbows
 + Level 2.1 Throwing
 + Level 5.0 Armour
 + Level 3.3 Dodging
 + Level 2.1 Stealth
 + Level 2.1 Shields
 + Level 2.1 Unarmed Combat
 + Level 2.1 Spellcasting
 + Level 1.7 Conjurations
 + Level 1.7 Hexes
 + Level 1.7 Summonings
 + Level 1.7 Necromancy
 + Level 1.7 Translocations
 + Level 1.7 Transmutations
 + Level 1.7 Fire Magic
 + Level 1.7 Ice Magic
 + Level 1.7 Air Magic
 + Level 1.7 Earth Magic
 + Level 1.7 Poison Magic
 + Level 5.2 Invocations
 + Level 2.1 Evocations


You had 9 spell levels left.
You didn't know any spells.
Your spell library contained the following spells:

 Spells                   Type           Power      Damage    Failure   Level
 Foxfire                  Conj/Fire      16%        2x1d4     82%         1
 Magic Dart               Conj           16%        1d3       82%         1
 Shock                    Conj/Air       16%        1d4       82%         1
 Searing Ray              Conj           8%         3d3       91%         2
 Slow                     Hex            4%         N/A       91%         2
 Confusing Touch          Hex            4%         N/A       99%         3
 Conjure Flame            Conj/Fire      4%         6-21      99%         3
 Inner Flame              Hex/Fire       4%         N/A       99%         3
 Vampiric Draining        Necr           2%         2d6       99%         3
 Fulminant Prism          Conj/Hex       2%         3d6       100%        4


Dungeon Overview and Level Annotations

Branches:
Dungeon (4/15)
 Temple: D:4-7

Altars:
Fedhas
Hepliaklqana

Annotations:
D:4 Duvessa


Innate Abilities, Weirdness & Mutations

You have very sharp teeth.
Your uncanny sense of smell can sniff out nearby items.
Your experience applies equally to all skills.


Message History

You closely miss Duvessa. Duvessa completely misses you.
You block Dowan's attack.
You hit Dowan.
Dowan looks as sick as possible!
Dowan is heavily wounded.
You barely miss Duvessa. Duvessa closely misses you.
Dowan mumbles some strange words.
Dowan blinks!
You hit Dowan.
Dowan looks as sick as possible!
Dowan is severely wounded.
You hit Duvessa.
Duvessa looks as sick as possible!
Duvessa hits you with a +0 rapier! Dowan hits you but does no damage.
You slash Dowan!
You kill Dowan!
Lugonu accepts your kill.
Duvessa screams in rage.
Duvessa goes berserk!
You hit Duvessa but do no damage.
Duvessa looks as sick as possible!
Duvessa barely misses you. Duvessa hits you but does no damage.
You closely miss Duvessa.
Duvessa is severely wounded.
You block Duvessa's attack. You block the gnoll's attack.
You hit Duvessa but do no damage.
Duvessa looks as sick as possible!
Your bite misses Duvessa.
Duvessa is severely wounded.
You block Duvessa's attack. The gnoll barely misses you.
Duvessa barely misses you.
You barely miss Duvessa.
Duvessa is severely wounded.
Duvessa hits you with a +0 rapier! The gnoll hits you but does no damage.
Duvessa hits you with a +0 rapier! The gnoll barely misses you.
You closely miss Duvessa.
Duvessa is severely wounded.
Duvessa hits you with a +0 rapier!
* * * LOW HITPOINT WARNING * * *
The gnoll hits you from afar with a +0 spear.
* * * LOW HITPOINT WARNING * * *
You hit Duvessa but do no damage.
Duvessa looks as sick as possible!
Duvessa is almost dead.
Duvessa barely misses you. Duvessa hits you with a +0 rapier!
You die...

#...........,,,,,+,,,,,+,,,,,,
#...).......,,,,,*,,,,,*,,,,,,
#...........,,,,,*,,,,,*,,,,,,
#..e........,,,,,*,,,,,*,,,,,,
#...........,,,,,*,**,,***+***
##'######+########+##,,**,,,,,
#........!.......)..,,,*,,,,,
#...)....[.)........,,,*,,,,,
#.......)[g.@.......,,,+,,,,,
#'######'##e#..#..##,***,,,,,
#...#.....######**#***,,,,,**
#...#.>...# *,,,,,*
#...'.....# *,,,,,*
#...#.....# *,,,,,*
#...#.....# *,,,,,*
#...#.....# *,,,,,*
#####.....# *,,,,,*


You could see Duvessa (berserk, extremely poisoned) and a gnoll.

Vanquished Creatures
  Sigmund (D:2)
  Dowan (D:4)
  A gnoll shaman (D:4)
  An orc wizard (D:4)
  2 gnolls
  5 adders
  An ufetubus (Abyss:1)
  An adder skeleton (D:3)
  2 worms
  2 dart slugs (D:1)
  6 orcs
  6 endoplasms
  2 giant cockroaches (D:2)
  8 goblins
  7 hobgoblins
  3 quokkas
  6 ball pythons
  5 bats
  4 frilled lizards
  7 rats
71 creatures vanquished.

Notes
Turn   | Place    | Note
-------+----------+-------------------------------------------
     0 | Abyss:1  | Gargoyl the Gnoll Abyssal Knight began the quest for the
                  | Orb.
     0 | Abyss:1  | Reached XP level 1. HP: 23/23 MP: 3/3
    28 | Abyss:1  | Found a burning altar of Makhleb.
    51 | Abyss:1  | Noticed a large abomination
    90 | Abyss:1  | Noticed a small abomination
   176 | Abyss:1  | Noticed a tentacled starspawn
   191 | Abyss:1  | Noticed a large abomination
   192 | D:1      | Escaped the Abyss
   385 | D:1      | Reached XP level 2. HP: 29/29 MP: 5/5
   602 | D:1      | Reached * piety under Lugonu
   784 | D:1      | Reached XP level 3. HP: 35/35 MP: 6/6
  1238 | D:2      | Noticed Sigmund
  1250 | D:2      | Killed Sigmund
  1251 | D:2      | Reached skill level 1 in Short Blades
  1251 | D:2      | Reached skill level 1 in Long Blades
  1251 | D:2      | Reached skill level 1 in Maces & Flails
  1251 | D:2      | Reached skill level 1 in Polearms
  1251 | D:2      | Reached skill level 1 in Staves
  1251 | D:2      | Reached skill level 1 in Slings
  1251 | D:2      | Reached skill level 1 in Bows
  1251 | D:2      | Reached skill level 1 in Crossbows
  1251 | D:2      | Reached skill level 1 in Throwing
  1251 | D:2      | Reached skill level 1 in Stealth
  1251 | D:2      | Reached skill level 1 in Shields
  1251 | D:2      | Reached skill level 1 in Unarmed Combat
  1251 | D:2      | Reached skill level 1 in Spellcasting
  1251 | D:2      | Reached skill level 1 in Conjurations
  1251 | D:2      | Reached skill level 1 in Hexes
  1251 | D:2      | Reached skill level 1 in Summonings
  1251 | D:2      | Reached skill level 1 in Necromancy
  1251 | D:2      | Reached skill level 1 in Translocations
  1251 | D:2      | Reached skill level 1 in Transmutations
  1251 | D:2      | Reached skill level 1 in Fire Magic
  1251 | D:2      | Reached skill level 1 in Ice Magic
  1251 | D:2      | Reached skill level 1 in Air Magic
  1251 | D:2      | Reached skill level 1 in Earth Magic
  1251 | D:2      | Reached skill level 1 in Poison Magic
  1251 | D:2      | Reached skill level 1 in Evocations
  1251 | D:2      | Reached XP level 4. HP: 28/41 MP: 7/7
  1251 | D:2      | Reached XP level 5. HP: 33/47 MP: 8/8
  1581 | D:2      | Found a faded altar of an unknown god.
  1597 | D:2      | Got Plato's Reference Book on Attacks
  2015 | D:3      | Found a blossoming altar of Fedhas.
  2015 | D:3      | Found a hazy altar of Hepliaklqana.
  2020 | D:3      | Reached skill level 5 in Invocations
  2090 | D:3      | Reached XP level 6. HP: 50/53 MP: 9/9
  2709 | D:3      | Reached ** piety under Lugonu
  2939 | D:4      | Reached skill level 5 in Axes
  2939 | D:4      | Reached skill level 5 in Armour
  2996 | D:4      | Noticed Duvessa
  2998 | D:4      | Noticed Dowan
  3186 | D:4      | Killed Dowan
  3191 | D:4      | Mangled by Duvessa

Illustrated notes

Levels and vault maps discovered:
D:1:      dpeg_arrival_tiny_a, layout_loops_ring, grunt_decor_mini_mirrors
D:2:      layout_basic, shapermc_ecumenical_altar_rom_forum, minmay_hexomino_f4,
          uniq_sigmund
D:3:      minmay_razor_zed, layout_loops_ring,
          chequers_temple_overflow_statue_of_worship
D:4:      layout_gridville, mainiacjoe_overflow_swirl, uniq_duvessa

Skill      XL: |  1  2  3  4  5  6 |
---------------+-------------------+-----
Short Blades   | 1 2 |  2.1
Long Blades    | 1 2 |  2.1
Maces & Flails | 1 2 |  2.1
Polearms       | 1 2 |  2.1
Staves         | 1 2 |  2.1
Slings         | 1 2 |  2.1
Bows           | 1 2 |  2.1
Crossbows      | 1 2 |  2.1
Throwing       | 1 2 |  2.1
Dodging        | 3 |  3.3
Stealth        | 1 2 |  2.1
Shields        | 1 2 |  2.1
Unarmed Combat | 1 2 |  2.1
Spellcasting   | 1 2 |  2.1
Conjurations   | 1 |  1.7
Hexes          | 1 |  1.7
Summonings     | 1 |  1.7
Necromancy     | 1 |  1.7
Translocations | 1 |  1.7
Transmutations | 1 |  1.7
Fire Magic     | 1 |  1.7
Ice Magic      | 1 |  1.7
Air Magic      | 1 |  1.7
Earth Magic    | 1 |  1.7
Poison Magic   | 1 |  1.7
Evocations     | 1 2 |  2.1
Invocations    | 5 |  5.2
Axes           | 5 |  5.0
Armour         | 5 |  5.0
Fighting       | |  6.9

Action                   |  1- 3 |  4- 6 || total
-------------------------+-------+-------++-------
Melee: Hand axe          |    42 |   114 ||   156
       Bite              |    10 |    12 ||    22
       Dagger            |    22 |    10 ||    32
       Punch             |       |     2 ||     2
Invok: Depart the Abyss  |     1 |       ||     1
  Use: Scroll            |       |     8 ||     8
Armor: Leather armour    |     4 |       ||     4
       Chain mail        |    21 |    79 ||   100
Dodge: Dodged            |    29 |    48 ||    77
Block: Other             |    10 |    43 ||    53
       Reflection        |       |     2 ||     2

Table legend: (Time is in decaauts)
 A = Elapsed time spent in this place.
 B = Non-inter-level travel time spent in this place.
 C = Inter-level travel time spent in this place.
 D = Time resting spent in this place.
 E = Time spent auto-exploring this place.
 F = Levels seen in this place.
 G = Mean time per level.
                   A        B        C        D        E       F      G
               +--------+--------+--------+--------+--------+-----+--------+
         Total |   3199 |   3099 |    100 |    166 |   2264 |   5 |  639.8 |
       Dungeon |   3006 |   2906 |    100 |    166 |   2147 |   4 |  751.5 |
         Abyss |    192 |    192 |      0 |      0 |    117 |   1 |  192.0 |
               +--------+--------+--------+--------+--------+-----+--------+

Top non-repeatable levels by time:
     D:3: 1078 daAuts
     D:1: 923 daAuts
     D:2: 894 daAuts
 Abyss:1: 192 daAuts
     D:4: 110 daAuts
